 Dungeon Crawl Stone Soup version 0.30-a0-373-gd37427bb62 (webtiles) character file.

Game seed: 4041893226111743390

553 mopl the Stinger (level 7, -6/50 HPs)
             Began as a Yellow Draconian Venom Mage on Nov 24, 2022.
             Mangled by a gnoll sergeant
             ... wielding a +3 antimagic trident
              (11 damage)
             ... on level 4 of the Dungeon.
             The game lasted 00:07:59 (3230 turns).

mopl the Stinger (Yellow Draconian Venom Mage)      Turns: 3230, Time: 00:08:00

Health: -6/50      AC:  6    Str: 10 (11) XL:     7   Next: 8%
Magic:  1/13       EV: 11    Int: 15 (17) God:
Gold:   177        SH:  4    Dex:  8 (11) Spells: 4/14 levels left

rFire   + + .      SeeInvis .    x - +3 mace "Deatweom" {freeze, Will++}
rCold   + . .      Faith    .    A - +0 buckler
rNeg    . . .      Spirit   .    (body armour unavailable)
rPois   +          Reflect  .    (helmet restricted)
rElec   .          Harm     .    v - scarf {rC+ rF+}
rCorr   +          Rampage  .    (no gloves)
Will    ++...                    (no boots)
Stlth   +.........               y - amulet of magic regeneration
HPRegen 0.28/turn                I - ring of poison resistance
MPRegen 0.53/turn                l - ring of protection from fire

@: very slightly contaminated
A: spit acid, AC +6, unfitting armour, cold-blooded, acid resistance
a: Breathe Acid


You were on level 4 of the Dungeon.
You visited 1 branch of the dungeon, and saw 6 of its levels.

You collected 177 gold pieces.

Inventory:

Hand Weapons
 e - a +0 rapier
 m - a +3 whip
 x - the +3 mace "Deatweom" (weapon) {freeze, Will++}
   (You found it on level 2 of the Dungeon)

   It freezes those it strikes, dealing additional cold damage.
   It can also slow down cold-blooded creatures.
   Will:      It greatly increases your willpower.
Missiles
 u - 4 poisoned darts
 H - 4 boomerangs
Armour
 v - a scarf of resistance (worn)
 A - a +0 buckler (worn)
Magical Staves
 p - a staff of conjuration
 t - a staff of earth
Jewellery
 b - a ring of protection from cold
 d - a ring of flight
 l - a ring of protection from fire (right hand)
 y - an amulet of magic regeneration (around neck)
 I - a ring of poison resistance (left hand)
Scrolls
 g - a scroll of torment {unknown}
 h - a scroll of butterflies {unknown}
 j - 2 scrolls of fear {unknown}
 k - 2 scrolls of blinking {unknown}
 r - 2 scrolls of amnesia {unknown}
 w - a scroll of acquirement {unknown}
 C - a scroll of summoning {unknown}
 D - a scroll of teleportation {unknown}
 E - 2 scrolls of enchant weapon {unknown}
Potions
 a - a potion of magic
 c - a potion of lignification {!q}
 f - a potion of haste
 i - 4 potions of curing
 n - 2 potions of degeneration
 o - 2 potions of might
 q - a potion of flight {unknown}
 s - 2 potions of resistance {unknown}
 z - 2 potions of brilliance {unknown}
 B - a potion of attraction {unknown}
 F - a potion of heal wounds {unknown}
 G - a potion of invisibility {unknown}


   Skills:
 - Level 1.7 Dodging
 - Level 1.7 Stealth
 + Level 3.0 Shields
 + Level 4.3 Spellcasting
 - Level 3.0 Transmutations
 + Level 5.2 Poison Magic


You had 4 spell levels left.
You knew the following spells:

 Your Spells              Type           Power      Damage    Failure   Level
a - Sting                 Tmut/Pois      60%        1d6       4%          1
b - Poisonous Vapours     Pois/Air       22%        N/A       12%         2
d - Mephitic Cloud        Conj/Pois/Air  8%         N/A       34%         3
o - Olgreb's Toxic Radia  Pois           18%        N/A       26%         4

Your spell library contained the following spells:

 Spells                   Type           Power      Damage    Failure   Level
 Ignite Poison            Fire/Tmut/Pois 11%        N/A       22%         3
 Kindle Blastsparks       Fire/Tloc/Air  6%         2d10      56%         3
 Freezing Cloud           Conj/Ice/Air   1%         6-21      99%         5


Dungeon Overview and Level Annotations

Branches:
Dungeon (6/15)
 Temple: D:4-7

Altars:

Shops:
D:2 [

Annotations:
D:4 Grinder


Innate Abilities, Weirdness & Mutations

You can spit globs of acid.
Your golden yellow scales are hard. (AC +6)
You cannot fit into any form of body armour.
You are cold-blooded and may be slowed by cold attacks.
You are resistant to acid. (rCorr)


Message History

Unknown command.
Unknown command.
The gnoll sergeant looks even sicker.
The gnoll looks even sicker. x2
The gnoll sergeant looks even sicker.
Your toxic aura wanes.
You kill the gnoll!
Your Shields skill increases to level 3!
You kill the gnoll!
You hit the gnoll sergeant. You freeze the gnoll sergeant.
You tail-slap the gnoll sergeant.
The gnoll sergeant is severely wounded.
You block the gnoll sergeant's attack. The gnoll sergeant barely misses you.
You barely miss the gnoll sergeant.
The gnoll sergeant is severely wounded.
The gnoll sergeant hits you with a +3 antimagic trident!
You feel your power leaking away.
You closely miss the gnoll sergeant.
The gnoll sergeant is severely wounded.
The gnoll sergeant hits you with a +3 antimagic trident.
You barely miss the gnoll sergeant.
You tail-slap the gnoll sergeant, but do no damage.
The gnoll sergeant is almost dead.
The gnoll sergeant hits you with a +3 antimagic trident!
You feel your power leaking away.
The gnoll sergeant hits you with a +3 antimagic trident!
* * * LOW HITPOINT WARNING * * *
Press: ? - help, v - describe, . - travel
Here: a gnoll sergeant, wielding a +3 antimagic trident and wearing a +0 scale mail (almost dead, very poisoned)
An open door, spattered with blood.
Unknown command.
Unknown command.
Unknown command.
It was a potion of degeneration.
There was something very wrong with that liquid.
You feel weakened.
You feel dopey.
You feel clumsy.
The gnoll sergeant hits you but does no damage.
You closely miss the gnoll sergeant.
The gnoll sergeant is almost dead.
The gnoll sergeant hits you with a +3 antimagic trident!
You die...

#.##) #.##) #.##.
### #.... #≈≈
####. #≈# #. #≈##
####≈# #.
##≈≈#...#≈≈# #.
#..@gg.(#≈≈# #.
##.≈≈#)..#≈≈# #.
#..≈#######≈# #.
#.#≈##≈≈≈##≈# #.
#####.#≈≈≈≈≈≈≈≈≈#
#. #.......###
#.## #. #.#...#.#
#..## #.
#.......#
#...######.
#.......#
#......†...


You could see a gnoll sergeant (very poisoned) and a gnoll (poisoned).

Vanquished Creatures
  A phantom (D:4)
  A scorpion (D:5)
  A hound (D:4)
  A jelly (D:4)
  2 orc priests
  3 orc wizards
  An iguana (D:4)
  2 adders
  6 gnolls
  A worm (D:4)
  11 dart slugs
  8 orcs
  8 bats
  4 endoplasms
  2 giant cockroaches
  4 goblins
  4 hobgoblins
  6 jackals
  6 quokkas
  9 ball pythons
  2 frilled lizards
  5 kobolds
  8 rats
96 creatures vanquished.

Notes
Turn   | Place    | Note
-------+----------+-------------------------------------------
     0 | D:1      | mopl the Draconian Venom Mage began the quest for the Orb.
     0 | D:1      | Reached XP level 1. HP: 14/14 MP: 3/3
   221 | D:1      | Reached XP level 2. HP: 17/20 MP: 3/5
   404 | D:1      | Learned a level 2 spell: Poisonous Vapours
   484 | D:1      | Reached XP level 3. HP: 26/26 MP: 3/6
   576 | D:1      | Learned a level 3 spell: Mephitic Cloud
   628 | D:1      | Reached skill level 2 in Transmutations
  1169 | D:1      | Reached XP level 4. HP: 10/33 MP: 0/8
  1411 | D:2      | Reached skill level 3 in Spellcasting
  1610 | D:2      | Found Ohugru Zyur's Antique Armour Shop.
  1653 | D:2      | Reached skill level 4 in Poison Magic
  1681 | D:2      | Identified the +3 mace "Deatweom" {freeze, Will++}
  2071 | D:3      | Reached XP level 5. HP: 33/38 MP: 9/9
  2096 | D:3      | Reached skill level 3 in Transmutations
  2246 | D:3      | Reached skill level 1 in Shields
  2523 | D:3      | You fall into a shaft and drop 3 floors!
  2531 | D:5      | Entered Level 5 of the Dungeon
  2587 | D:5      | Reached XP level 6. HP: 45/45 MP: 8/11
  2635 | D:4      | Reached skill level 2 in Shields
  2736 | D:4      | Noticed Grinder
  2794 | D:4      | Learned a level 4 spell: Olgreb's Toxic Radiance
  2923 | D:4      | Reached skill level 4 in Spellcasting
  3059 | D:4      | Reached skill level 5 in Poison Magic
  3177 | D:4      | Your scales start taking on a golden yellow colour.
  3177 | D:4      | Reached XP level 7. HP: 50/50 MP: 13/13
  3177 | D:4      | Gained mutation: You are resistant to acid. (rCorr) [Yellow
                  | Draconian growth]
  3224 | D:4      | Reached skill level 3 in Shields
  3230 | D:4      | Mangled by a gnoll sergeant

Illustrated notes

Levels and vault maps discovered:
D:1:      dpeg_arrival_simpleton_b, layout_basic, minmay_hexomino_c4
D:2:      layout_basic, serial_shops, shop
D:3:      layout_basic
D:4:      layout_loops_cross, lightli_minifort, uniq_grinder
D:5:      layout_cave_pools, mainiacjoe_overflow_small_starburst, serial_shops,
          nicolae_shop_behind_doors
D:6:      layout_basic, serial_shops, nicolae_take_the_stairs

Skill      XL: |  1  2  3  4  5  6  7 |
---------------+----------------------+-----
Transmutations | 2 3 |  3.0
Spellcasting   | 3 4 |  4.3
Poison Magic   | 4 5 |  5.2
Shields        | 1 2 3 |  3.0
Dodging        | |  1.7
Stealth        | |  1.7

Action                   |  1- 3 |  4- 6 |  7- 9 || total
-------------------------+-------+-------+-------++-------
Melee: Unarmed           |    22 |       |       ||    22
       Tailslap          |     7 |    15 |     2 ||    24
       Rapier            |    29 |       |       ||    29
       Whip              |    24 |    21 |       ||    45
       Mace              |       |   104 |     7 ||   111
 Cast: Sting             |    31 |    26 |       ||    57
       Poisonous Vapours |     1 |    16 |       ||    17
       Mephitic Cloud    |       |     1 |       ||     1
       Olgreb's Toxic Ra |       |       |     1 ||     1
  Use: Potion            |     1 |       |     1 ||     2
       Scroll            |       |     2 |       ||     2
 Stab: Sleeping          |       |     3 |       ||     3
       Confused          |       |     1 |       ||     1
Armor: Skin              |    31 |    43 |     1 ||    75
Dodge: Dodged            |    76 |    58 |     1 ||   135
Block: Buckler           |       |    21 |     1 ||    22

Table legend: (Time is in decaauts)
 A = Elapsed time spent in this place.
 B = Non-inter-level travel time spent in this place.
 C = Inter-level travel time spent in this place.
 D = Time resting spent in this place.
 E = Time spent auto-exploring this place.
 F = Levels seen in this place.
 G = Mean time per level.
                   A        B        C        D        E       F      G
               +--------+--------+--------+--------+--------+-----+--------+
         Total |   3266 |   3220 |     46 |    397 |   1960 |   6 |  544.3 |
       Dungeon |   3266 |   3220 |     46 |    397 |   1960 |   6 |  544.3 |
               +--------+--------+--------+--------+--------+-----+--------+

Top non-repeatable levels by time:
     D:1: 1220 daAuts
     D:3: 719 daAuts
     D:4: 643 daAuts
     D:2: 592 daAuts
     D:5: 82 daAuts
     D:6: 7 daAuts
